 Dungeon Crawl Stone Soup version 0.22-a0-848-ge9e22a0 (webtiles) character file.

20 Amnesiac the Digger (level 2, -4/19 HPs)
             Began as a Mummy Earth Elementalist on July 26, 2018.
             Killed from afar by an orc wizard (10 damage)
             ... with a puff of flame
             ... on level 2 of the Dungeon.
             The game lasted 00:01:00 (114 turns).

Amnesiac the Digger (Mummy Earth Elementalist)       Turns: 114, Time: 00:01:01

Health: -4/19      AC:  4    Str: 11    XL:     2   Next: 58%
Magic:  0/6        EV: 12    Int: 14    God:
Gold:   9          SH:  0    Dex: 12    Spells: 6/7 levels left

rFire    x . .     SeeInvis .   (no weapon)
rCold    + . .     Gourm    .   (no shield)
rNeg     + + +     Faith    .   c - +0 robe
rPois    ∞         Spirit   .   (no helmet)
rElec    .         Reflect  .   a - +1 cloak
rCorr    .         Harm     .   (no gloves)
MR       .....                  (no boots)
Stlth    +.........             (no amulet)
HPRegen  0.06/turn              (no ring)
MPRegen  0.10/turn              (no ring)

@: confused
A: no food or potions, fire vulnerability, cold resistance 1, negative energy
resistance 3, torment resistance, unbreathing
a: no special abilities


You were on level 2 of the Dungeon.
You were not hungry.

You visited 1 branch of the dungeon, and saw 2 of its levels.

You collected 9 gold pieces.

Inventory:

Missiles
 b - 21 stones (quivered)
Armour
 a - a +1 cloak (worn)
 c - a +0 robe (worn)


   Skills:
 - Level 1.5 Dodging
 - Level 1.5 Stealth
 + Level 3.0 Spellcasting
   Level 0.7 Transmutations
 + Level 3.1 Earth Magic


You had 6 spell levels left.
You knew the following spells:

 Your Spells              Type           Power        Failure   Level  Hunger
a - Sandblast             Erth           ##....       6%          1    N/A

Your spell library contained the following spells:

 Spells                   Type           Power        Failure   Level  Hunger
 Stone Arrow              Conj/Erth      #.....       34%         3    N/A
 Passwall                 Tmut/Erth      #.......     14%         2    N/A
 Lee's Rapid Deconstruct  Erth           ##........   86%         5    N/A
 Petrify                  Tmut/Erth      #.......     67%         4    N/A

Dungeon Overview and Level Annotations

Branches:
Dungeon (1/15)

Altars:


Innate Abilities, Weirdness & Mutations

You do not eat or drink.
Your flesh is vulnerable to fire.
You are immune to poison.
Your flesh is cold resistant. (rC+)
You are immune to negative energy. (rN+++)
You are immune to unholy pain and torment.
You can survive without breathing.


Message History

You kill the adder!
Training target 2.7 for Earth Magic reached!
Your Earth Magic skill increases to level 3!
You need to enable at least one skill for training.
You have reached level 2!
b - 24 stones A rat comes into view.
Casting: Sandblast (safe; 6% risk of failure)
Confirm with . or Enter, or press ? or * to list all spells.
Aiming: Sandblast (safe; 6% risk of failure)
Press: ? - help, Shift-Dir - straight line, f - adder
Aim: an adder The blast of sand hits the adder.
The adder is heavily wounded.
b - 23 stones Unknown command.
The adder bites you but does no damage. The adder closely misses you.
Casting: Sandblast (safe; 6% risk of failure)
Confirm with . or Enter, or press ? or * to list all spells.
Aiming: Sandblast (safe; 6% risk of failure)
Press: ? - help, Shift-Dir - straight line, f/p - adder
Aim: an adder (heavily wounded)
The blast of sand hits the adder.
You kill the adder!
Your Spellcasting skill increases to level 3!
b - 22 stones Unknown command.
A rat and an orc wizard come into view.
The orc wizard shouts!
You hear a shout! x2
Really read
d - a scroll labeled DOXZIR HUACHO {!r}?
As you read the scroll labeled DOXZIR HUACHO {!r}, it crumbles to dust.
Your hands glow mottled gold for a moment.
It was a scroll of random uselessness {!r}.
The hobgoblin hits you with a club.
You closely miss the hobgoblin. The hobgoblin hits you with a club.
* * * LOW HITPOINT WARNING * * *
You aren't carrying any scrolls.
Unknown command.
The orc wizard hits you but does no damage.
The hobgoblin misses you. The orc wizard hits you with a dagger.
* * * LOW HITPOINT WARNING * * *
The hobgoblin hits you but does no damage.
You barely miss the hobgoblin. The orc wizard closely misses you.
The hobgoblin hits you but does no damage.
Casting: Sandblast (safe; 6% risk of failure)
Confirm with . or Enter, or press ? or * to list all spells.
Aiming: Sandblast (safe; 6% risk of failure)
Press: ? - help, Shift-Dir - straight line, f - orc wizard
Aim: an orc wizard, wielding a dagger and wearing a robe The blast of sand hits the orc wizard.
The orc wizard is severely wounded.
b - 21 stones The orc wizard casts a spell at you.
You are confused.
The hobgoblin hits you with a club.
* * * LOW HITPOINT WARNING * * *
Unknown command.
You bump into the rock wall.
The orc wizard points at you and mumbles some strange words.
The puff of flame hits you! The fire burns you terribly!
Ouch! That really hurt!
You die...

#. #. .## ...
#.# #o# ##.###
#o#gK# ##@#.#
#####g# ...#.#
##.#K## #.....#
.....#..#......
.## ##r##.#...
#..# .# ##
...........##


You could see an orc wizard, a hobgoblin and a kobold.

Vanquished Creatures
  2 adders (D:2)
  A leopard gecko (D:1)
3 creatures vanquished.

Notes
Turn   | Place    | Note
-------+----------+-------------------------------------------
     0 | D:1      | Amnesiac the Mummy Earth Elementalist began the quest for the Orb.
     0 | D:1      | Reached XP level 1. HP: 13/13 MP: 4/4
    89 | D:1      | You fall through a shaft!
    94 | D:2      | Reached XP level 2. HP: 12/19 MP: 1/5
   114 | D:2      | Killed from afar by an orc wizard

Vault maps used:
D:1:      minmay_arrival_glassed_features
D:2:      grunt_qazlal_clouds, st_stairs_1

Skill      XL: |  1  2 |
---------------+-------+-----
Earth Magic    | 3 |  3.1
Spellcasting   | 3 |  3.0
Dodging        | |  1.5
Stealth        | |  1.5
Transmutations | |  0.7

Action                   || total
-------------------------++-------
Melee: Unarmed           ||     2
 Cast: Sandblast         ||     9
  Use: Scroll            ||     1
Armor: Robe              ||     4
Dodge: Dodged            ||     3

Table legend:
 A = Spawn XP
 B = Non-spawn XP
 C = Spawn XP percentage of total XP
 D = Spawn monster count
 E = Non-spawn monster count
 F = Spawn count percentage of total count
 G = Total turns spent on level
                    A         B        C        D         E        F      G
               +---------+---------+-------+---------+---------+-------+---------
         Total |       0 |      29 |   0.0 |       0 |       3 |   0.0 |   114
               +---------+---------+-------+---------+---------+-------+---------
           D:1 |       0 |       3 |   0.0 |       0 |       1 |   0.0 |    89
           D:2 |       0 |      26 |   0.0 |       0 |       2 |   0.0 |    25
               +---------+---------+-------+---------+---------+-------+---------
